 Dungeon Crawl Stone Soup version 0.27.1-15-g792fb953b9 (webtiles) character file.

Game seed: 4370659412864848684

109 bearlyready the Sneak (level 4, -3/31 HPs)
             Began as an Octopode Fighter on Nov 20, 2021.
             Slain by Grinder (6 damage)
             ... while paralysed by Grinder
             ... on level 3 of the Dungeon.
             The game lasted 00:04:02 (3200 turns).

bearlyready the Sneak (Octopode Fighter)            Turns: 3200, Time: 00:04:03

Health: -3/31      AC:  1    Str: 14 (15) XL:     4   Next: 90%
Magic:  4/4        EV:  2    Int:  9 (10) God:
Gold:   99         SH:  0    Dex: 10 (12) Spells: 3/3 levels left

rFire    . . .     SeeInvis .     - Unarmed
rCold    . . .     Faith    .   a - +0 kite shield
rNeg     . . .     Spirit   .   (helmet restricted)
rPois    .         Reflect  .   (no amulet)
rElec    .         Harm     .   h - ring of resist corrosion
rCorr    +         Rampage  .   (no ring)
Will     .....                  (no ring)
Stlth    +++.......             (no ring)
HPRegen  0.10/turn              (no ring)
MPRegen  0.09/turn              (no ring)
                                (no ring)
                                (no ring)

@: paralysed
A: almost no armour, amphibious, 8 rings, camouflage 1, gelatinous body 1,
(nimble swimmer 1), tentacles
a: no special abilities


You were on level 3 of the Dungeon.
You visited 1 branch of the dungeon, and saw 3 of its levels.

You collected 99 gold pieces.

Inventory:

Missiles
 j - 6 boomerangs (quivered)
Armour
 a - a +0 kite shield (worn)
Magical Staves
 g - a staff of cold
Jewellery
 h - a ring of resist corrosion (left tentacle)
 i - a ring of ice
Scrolls
 c - a scroll of blinking {unknown}
 d - 2 scrolls of identify {unknown}
 f - a scroll of noise {unknown}
Potions
 b - a potion of might
 e - a potion of curing
 k - a potion of degeneration
 l - a potion of cancellation {unknown}


   Skills:
 - Level 3.0 Fighting
 - Level 3.0 Dodging
 + Level 4.3 Stealth
 - Level 3.0 Shields
 + Level 3.7 Unarmed Combat


You had 3 spell levels left.
You didn't know any spells.
Your spell library contained the following spells:

 Spells                   Type           Power      Damage    Failure   Level
 Slow                     Hex            0%         N/A       96%         2
 Confusing Touch          Hex            0%         N/A       99%         3
 Gell's Gravitas          Tloc           0%         N/A       99%         3
 Lesser Beckoning         Tloc           0%         N/A       99%         3
 Teleport Other           Tloc           0%         N/A       99%         3
 Vampiric Draining        Necr           0%         2d6       99%         3
 Blade Hands              Tmut           0%         N/A       100%        5
 Irradiate                Conj/Tmut      0%         3d13      100%        5
 Dragon Form              Tmut           0%         N/A       100%        7


Dungeon Overview and Level Annotations

Branches:
Dungeon (3/15)

Altars:

Annotations:
D:3 Grinder


Innate Abilities, Weirdness & Mutations

You cannot wear most types of armour.
You are amphibious.
You can wear up to eight rings at the same time.
Your skin changes colour to match your surroundings (Stealth+).
Your rubbery body absorbs attacks. (AC +1, EV +1)
((You are camouflaged near water. (Stealth+)))
You have tentacles for arms and can constrict up to eight enemies at once.


Message History

a bat corpse; a ball python corpse No target in view!
No target in view!
Grinder is nearby!
Grinder is nearby!
You aren't carrying any items that you can evoke.
Found a sedimented orange potion.
Grinder shouts!
Grinder hits you but does no damage.
You barely miss Grinder. Your grab misses Grinder. You squeeze Grinder.
Grinder is lightly wounded.
Grinder barely misses you.
You closely miss Grinder. You grab Grinder. You squeeze Grinder!
Grinder is moderately wounded.
You constrict Grinder. Grinder gestures at you. Pain shoots through your body!
You tentacle-slap Grinder but do no damage.
Grinder is moderately wounded.
You constrict Grinder. Grinder hits you!
* * * LOW HITPOINT WARNING * * *
You tentacle-slap Grinder.
Grinder is heavily wounded.
You constrict Grinder. Grinder gestures at you.
You barely resist. Grinder barely misses you.
It was a potion of degeneration.
There was something very wrong with that liquid.
You feel weakened.
You feel dopey.
You feel clumsy.
You constrict Grinder.
Grinder struggles to blink free from constriction.
It was a potion of curing.
You feel better.
You constrict Grinder. Grinder gestures at you.
You suddenly lose the ability to move!
You lose your grip on Grinder.
Grinder gestures at you. Pain shoots through your body! Grinder hits you!
* * * LOW HITPOINT WARNING * * *
You writhe in agony.
You die...

..##.#[.#.####.#.....#
#.##................#
#.#.########.#.....#
#...# #.##...## # #.#.##
###..##.### #.####....##
#.........#
.......#.#.####....####.#
#................... #.#
.##.#†.##@5........ #.#
.##.##†)..####..! #.#
.........#.# # . #)#
###..##..#.# ### #.# #.
....... ....####.##
#.......... ..........##
..#.##..#.#..
######...<.# # #.
#..#................. .
#.......#######.....#


You could see Grinder.

Vanquished Creatures
  Robin (D:1)
  2 gnolls
  An adder (D:2)
  A dart slug (D:1)
  An orc (D:3)
  5 ball pythons
  7 endoplasms
  A giant cockroach (D:2)
  14 goblins
  6 hobgoblins
  6 jackals (D:1)
  2 quokkas (D:1)
  6 bats
  5 frilled lizards
  2 rats
60 creatures vanquished.

Notes
Turn   | Place    | Note
-------+----------+-------------------------------------------
     0 | D:1      | bearlyready the Octopode Fighter began the quest for the
                  | Orb.
     0 | D:1      | Reached XP level 1. HP: 16/16 MP: 1/1
    88 | D:1      | Reached skill level 1 in Stealth
   307 | D:1      | Reached XP level 2. HP: 21/21 MP: 2/2
   463 | D:1      | Reached skill level 2 in Stealth
   964 | D:1      | Reached XP level 3. HP: 10/26 MP: 3/3
  1774 | D:2      | You fall into a shaft and drop 1 floor!
  1807 | D:2      | Reached skill level 3 in Stealth
  2145 | D:2      | Reached XP level 4. HP: 31/31 MP: 4/4
  2695 | D:2      | Noticed Robin
  2846 | D:1      | Reached skill level 4 in Stealth
  2910 | D:1      | Killed Robin
  3185 | D:3      | Noticed Grinder
  3198 | D:3      | Paralysed by Grinder for 7 turns
  3200 | D:3      | Slain by Grinder

Illustrated notes

Levels and vault maps discovered:
D:1:      sevenhm_arrival_forest_fort_small_6, layout_loops_ring
D:2:      layout_loops_cross, minmay_parallelograms, minmay_crystal_room,
          uniq_robin
D:3:      layout_loops_ring, mainiacjoe_overflow_surrounded_room, uniq_terence,
          uniq_grinder, uniq_ijyb

Skill      XL: |  1  2  3  4 |
---------------+-------------+-----
Stealth        | 1 2 3 4 |  4.3
Unarmed Combat | 3 |  3.7
Fighting       | |  3.0
Dodging        | |  3.0
Shields        | |  3.0

Action                   |  1- 3 |  4- 6 || total
-------------------------+-------+-------++-------
Melee: Unarmed           |    89 |    41 ||   130
       Constrict         |    21 |    12 ||    33
       Tentacles         |    15 |    12 ||    27
       Punch             |     5 |       ||     5
Throw: Boomerang         |       |     3 ||     3
  Use: Scroll            |     1 |       ||     1
       Potion            |       |     2 ||     2
 Stab: Sleeping          |     6 |     3 ||     9
Armor: Skin              |     8 |     6 ||    14
Dodge: Dodged            |    33 |    15 ||    48
Block: Kite shield       |    36 |    12 ||    48
